 Dungeon Crawl Stone Soup version 0.21-a0-314-gb3271ec (webtiles) character file.

104 tidbits the Skirmisher (level 4, 0/41 HPs)
             Began as a Gnoll Wanderer on Sept 29, 2017.
             Killed by nerve-wracking pain
             ... invoked by Grinder
              (13 damage)
             ... while paralysed by Grinder
             ... on level 3 of the Dungeon.
             The game lasted 00:05:36 (791 turns).

tidbits the Skirmisher (Gnoll Wanderer)              Turns: 791, Time: 00:05:36

Health: 0/41       AC: 10    Str: 13    XL:     4   Next: 80%
Magic:  6/6        EV:  2    Int: 13    God:
Gold:   63         SH:  0    Dex: 18    Spells: 6/6 levels left

rFire    . . .     SeeInvis .   B - +1 short sword (drain)
rCold    . . .     Gourm    .   (no shield)
rNeg     . . .     Faith    .   g - +0 chain mail
rPois    .         Spirit   .   (no helmet)
rElec    .         Reflect  .   (no cloak)
rCorr    .         Harm     .   (no gloves)
MR       .....                  F - +0 pair of boots
Stlth    ..........             (no amulet)
HPRegen  0.13/turn              (no ring)
MPRegen  0.10/turn              (no ring)

@: paralysed, drained
A: distributed training, fangs 1, strong nose
a: no special abilities


You were on level 3 of the Dungeon.
You were not hungry.

You visited 1 branch of the dungeon, and saw 3 of its levels.

You collected 63 gold pieces.

Inventory:

Hand Weapons
 a - a +2 mace
 b - a +0 shortbow
 h - a +0 hand axe
 o - a +0 blowgun
 B - a +1 short sword of draining (weapon)
   (You took it off a kobold on level 2 of the Dungeon)
Missiles
 c - 22 arrows
 s - 18 bolts
 v - 7 poisoned needles
Armour
 e - a +0 robe
 g - a +0 chain mail (worn)
 F - a +0 pair of boots (worn)
Scrolls
 d - 2 scrolls of teleportation
 k - a scroll of noise {unknown}
 n - a scroll of random uselessness {unknown}
 p - a scroll of remove curse {unknown}
 r - a scroll of enchant weapon {unknown}
Potions
 j - 2 potions of might {unknown}
 l - a potion of flight {unknown}
 m - a potion of invisibility {unknown}
 u - a potion of curing {unknown}
 w - a potion of heal wounds {unknown}
Comestibles
 f - a bread ration
 t - a meat ration


   Skills:
 + Level 6.4(6.3) Fighting
 + Level 2.0 Short Blades
 + Level 0.8(0.7) Long Blades
 + Level 1.3(1.2) Axes
 + Level 3.1(3.0) Maces & Flails
 + Level 0.8(0.7) Polearms
 + Level 2.0 Staves
 + Level 1.3(1.2) Slings
 + Level 0.8(0.7) Bows
 + Level 0.8(0.7) Crossbows
 + Level 2.3 Throwing
 + Level 2.8 Armour
 + Level 0.8(0.7) Dodging
 + Level 0.8(0.7) Stealth
   Level 0.0 Stabbing
 + Level 2.6(2.5) Shields
   Level 0.0 Traps
 + Level 0.0 Unarmed Combat
 + Level 1.7(1.6) Spellcasting
 + Level 0.0 Conjurations
 + Level 1.3(1.2) Hexes
 + Level 1.3(1.2) Charms
 + Level 1.3(1.2) Summonings
 + Level 2.8 Necromancy
 + Level 4.5 Translocations
 + Level 1.3(1.2) Transmutations
 + Level 2.0 Fire Magic
 + Level 1.3(1.2) Ice Magic
 + Level 0.0 Air Magic
 + Level 1.7(1.6) Earth Magic
 + Level 1.3(1.2) Poison Magic
 + Level 0.8(0.7) Invocations
 + Level 1.3(1.2) Evocations


You had 6 spell levels left.
You didn't know any spells.

Dungeon Overview and Level Annotations

Branches:
Dungeon (3/15)

Altars:

Annotations:
D:3 Grinder


Innate Abilities, Weirdness & Mutations

Your experience applies equally to all skills.
You have very sharp teeth.
Your uncanny sense of smell can sniff out nearby items.


Message History

The adder is lightly wounded.
Grinder blinks!
The adder bites you but does no damage.
You barely miss the adder.
The adder is lightly wounded.
Grinder says, "Mostly I couldn't keep them alive."
The adder bites you but does no damage.
You hit the adder. You drain the adder!
The adder is almost dead.
Grinder blinks!
The adder completely misses you.
You hit the adder.
You kill the adder!
Your Axes skill increases to level 1!
Grinder says, "Just stop there for a second..."
Grinder gestures at you. You resist with significant effort.
Wield which item (- for none, * to show all)? (? for menu, Esc to quit)
You are now empty-handed.
Really attack barehanded? [Y]es or [N]o only, please.
Really attack barehanded? [Y]es or [N]o only, please.
Really attack barehanded? [Y]es or [N]o only, please.
Really attack barehanded? [Y]es or [N]o only, please.
Really attack barehanded? [Y]es or [N]o only, please.
Really attack barehanded? [Y]es or [N]o only, please.
Really attack barehanded?
Okay, then.
Really attack barehanded?
You barely miss Grinder. Grinder hits you but does no damage.
You smack Grinder!
Grinder is moderately wounded.
Grinder blinks!
Throwing (i - inventory):
q - 5 javelins (quivered)
Press: ? - help, Shift-Dir - straight line, f - Grinder
Aim: Grinder (moderately wounded)
You throw a javelin. The javelin barely misses Grinder.
Grinder blinks!
Throwing (i - inventory):
q - 4 javelins (quivered)
Press: ? - help, Shift-Dir - straight line, f/p - Grinder
Aim: Grinder (moderately wounded)
You throw a javelin. The javelin closely misses Grinder.
Grinder barely misses you.
You smack Grinder!
Grinder is heavily wounded.
Grinder blinks!
Throwing (i - inventory):
q - 3 javelins (quivered)
Press: ? - help, Shift-Dir - straight line, f/p - Grinder
Aim: Grinder (heavily wounded)
You throw a javelin. The javelin hits Grinder.
Grinder is severely wounded.
Throwing (i - inventory):
q - 2 javelins (quivered)
Press: ? - help, Shift-Dir - straight line, f/p - Grinder
Aim: Grinder (severely wounded)
You throw a javelin. The javelin hits Grinder!
Grinder is almost dead.
Your transformation is almost over.
Grinder blinks!
Throwing (i - inventory):
q - a javelin (quivered)
Press: ? - help, Shift-Dir - straight line, f/p - Grinder
Aim: Grinder (almost dead)
You throw a javelin. The javelin barely misses Grinder.
Grinder says, "Tell me all your secrets, or I'll kill you."
Grinder gestures at you.
You suddenly lose the ability to move!
Grinder hits you but does no damage. Grinder completely misses you.
Grinder hits you but does no damage. x2
You feel less wooden.
Your +0 pair of boots unmelds from your body.
Your +0 chain mail unmelds from your body.
Grinder hits you.
You writhe in agony.
You can move again.
Wield which item (- for none, * to show all)? (? for menu, Esc to quit)
Okay, then.
Wield which item (- for none, * to show all)? (? for menu, Esc to quit)
Okay, then.
Wield which item (- for none, * to show all)? (? for menu, Esc to quit)
You sense an unholy aura.
B - a +1 short sword of draining (weapon)
Grinder hits you but does no damage.
You hit Grinder.
Grinder is almost dead.
Grinder gestures at you. Pain shoots through your body!
* * * LOW HITPOINT WARNING * * *
You barely miss Grinder.
Grinder is almost dead.
Grinder hits you but does no damage.
You hit Grinder but do no damage.
Grinder is almost dead.
Grinder blinks!
Grinder gestures at you.
You suddenly lose the ability to move!
Grinder says, "There's only one good use for a tongue: cutting it out."
Grinder gestures at you. Pain shoots through your body!
You die...

#.......####..[...#
#.....(...........##
#.....(.# #........#
#(5.†###........#
##.(....#.......#
#.#..#.#.......#
#.##.........).###
#.######..........
#@#### #..........
#....# #..........
#....# ####.......
#....# #.#.....
#....# #.......
#....# ##...#..
#####...# ....##.
#.......####.
#............


You could see Grinder.

Vanquished Creatures
  5 adders
  An ooze (D:2)
  3 dart slugs
  A leopard gecko (D:3)
  2 ball pythons
  A giant cockroach (D:1)
  5 goblins
  5 hobgoblins
  6 jackals
  2 bats
  3 frilled lizards
  10 kobolds
  3 rats
47 creatures vanquished.

Notes
Turn   | Place    | Note
-------+----------+-------------------------------------------
     0 | D:1      | tidbits the Gnoll Wanderer began the quest for the Orb.
     0 | D:1      | tidbits set off with: a +2 mace, a +0 shortbow, 22 arrows, a scroll of teleportation, a +0 robe, a bread ration
     0 | D:1      | Reached XP level 1. HP: 23/23 MP: 1/1
    79 | D:1      | Reached skill level 1 in Staves
    79 | D:1      | Reached skill level 1 in Hexes
   110 | D:1      | Reached XP level 2. HP: 27/29 MP: 2/2
   265 | D:2      | Reached skill level 1 in Short Blades
   265 | D:2      | Reached skill level 1 in Fire Magic
   265 | D:2      | Reached skill level 1 in Earth Magic
   265 | D:2      | Reached XP level 3. HP: 35/35 MP: 2/4
   287 | D:1      | Reached skill level 3 in Maces & Flails
   373 | D:2      | Reached skill level 2 in Staves
   411 | D:2      | Reached skill level 1 in Summonings
   451 | D:2      | Reached skill level 1 in Ice Magic
   471 | D:2      | Reached skill level 1 in Spellcasting
   483 | D:2      | Reached skill level 1 in Transmutations
   487 | D:2      | Reached XP level 4. HP: 31/41 MP: 5/5
   542 | D:2      | Reached skill level 1 in Charms
   542 | D:2      | Reached skill level 1 in Evocations
   574 | D:2      | Reached skill level 1 in Slings
   612 | D:2      | Reached skill level 2 in Fire Magic
   685 | D:3      | Reached skill level 1 in Poison Magic
   720 | D:3      | Reached skill level 2 in Short Blades
   735 | D:3      | Noticed Grinder
   758 | D:3      | Reached skill level 1 in Axes
   776 | D:3      | Paralysed by Grinder for 7 turns
   788 | D:3      | Paralysed by Grinder for 6 turns
   791 | D:3      | Killed from afar by Grinder

Vault maps used:
D:1:      lemuel_arrival_room, minmay_misc_feat_iff
D:2:      grunt_ministairs_5
D:3:      uniq_grinder, uniq_crazy_yiuf_cottage

Skill      XL: |  1  2  3  4 |
---------------+-------------+-----
Staves         | 1 2 |  2.0
Hexes          | 1 |  1.3
Short Blades   | 1 2 |  2.0
Fire Magic     | 1 2 |  2.0
Earth Magic    | 1 |  1.7
Maces & Flails | 3 |  3.1
Summonings     | 1 |  1.3
Ice Magic      | 1 |  1.3
Spellcasting   | 1 |  1.7
Transmutations | 1 |  1.3
Charms         | 1 |  1.3
Evocations     | 1 |  1.3
Slings         | 1 |  1.3
Poison Magic   | 1 |  1.3
Axes           | 1 |  1.3
Fighting       | |  6.4
Long Blades    | |  0.8
Polearms       | |  0.8
Bows           | |  0.8
Crossbows      | |  0.8
Throwing       | |  2.3
Armour         | |  2.8
Dodging        | |  0.8
Stealth        | |  0.8
Shields        | |  2.6
Necromancy     | |  2.8
Translocations | |  4.5
Invocations    | |  0.8

Action                   |  1- 3 |  4- 6 || total
-------------------------+-------+-------++-------
Melee: Mace              |    68 |       ||    68
       Bite              |     5 |     4 ||     9
       Short sword       |    25 |    53 ||    78
       Unarmed           |       |     3 ||     3
Throw: Javelin           |       |     5 ||     5
  Use: Potion            |       |     1 ||     1
Armor: Chain mail        |    78 |    30 ||   108
       Skin              |       |    15 ||    15
Dodge: Dodged            |    22 |    13 ||    35

Table legend:
 A = Spawn XP
 B = Non-spawn XP
 C = Spawn XP percentage of total XP
 D = Spawn monster count
 E = Non-spawn monster count
 F = Spawn count percentage of total count
 G = Total turns spent on level
                    A         B        C        D         E        F      G
               +---------+---------+-------+---------+---------+-------+---------
         Total |       0 |     149 |   0.0 |       0 |      47 |   0.0 |   791
               +---------+---------+-------+---------+---------+-------+---------
           D:1 |       0 |      22 |   0.0 |       0 |      12 |   0.0 |   307
           D:2 |       0 |     106 |   0.0 |       0 |      30 |   0.0 |   310
           D:3 |       0 |      21 |   0.0 |       0 |       5 |   0.0 |   174
               +---------+---------+-------+---------+---------+-------+---------

Table legend:
 A = Turns spent in this place as a percentage of turns spent in the entire game.
 B = Non-inter-level travel turns spent in this place as a percentage of non-inter-level travel turns spent in the entire game.
 C = Inter-level travel turns spent in this place as a percentage of turns spent in this place.
 D = Turns resting spent in this place as a percentage of non-inter-level travel turns spent in this place.
 E = Turns spent auto-exploring this place as a percentage of non-inter-level travel turns spent in this place.
 F = Non-inter-level travel turns spent in this place divided by the number of levels of this place that you've seen.
                   A       B       C       D       E      F
               +-------+-------+-------+-------+-------+----------------------
         Total | 100.0 | 100.0 |   1.5 |   0.0 |   0.0 | 259.7
       Dungeon | 100.0 | 100.0 |   1.5 |   0.0 |   0.0 | 259.7
               +-------+-------+-------+-------+-------+----------------------

Table legend:
 A = Kills in this place as a percentage of kills in entire the game.
 B = Kills by you in this place as a percentage of kills by you in the entire game.
 C = Kills by friends in this place as a percentage of kills by friends in the entire game.
 D = Other kills in this place as a percentage of other kills in the entire game.
 E = Experience gained in this place as a percentage of experience gained in the entire game.
 F = Experience gained in this place divided by the number of levels of this place that you have seen.
                   A       B       C       D       E      F
               +-------+-------+-------+-------+-------+----------------------
         Total | 100.0 | 100.0 |   N/A |   N/A | 100.0 |  49.7
       Dungeon | 100.0 | 100.0 |   N/A |   N/A | 100.0 |  49.7
               +-------+-------+-------+-------+-------+----------------------

Vault maps used:
D:1:      lemuel_arrival_room, minmay_misc_feat_iff
D:2:      grunt_ministairs_5
D:3:      uniq_grinder, uniq_crazy_yiuf_cottage
